 Dungeon Crawl Stone Soup version 0.18.0-1-g0107ab7 (webtiles) character file.

1150 RudyRod the Grave Robber (level 8, 0/54 HPs)
             Began as a Demonspawn Necromancer on May 5, 2016.
             Slain by Menkaure (14 damage)
             ... on level 4 of the Dungeon.
             The game lasted 00:27:40 (5600 turns).

RudyRod the Grave Robber (Demonspawn Necromancer)   Turns: 5600, Time: 00:27:40

Health: 0/54       AC:  5    Str: 13    XL:     8   Next: 15%
Magic:  15/15      EV: 12    Int: 19    God:
Gold:   178        SH:  0    Dex: 13    Spells: 3 memorised, 9 levels left

rFire  + . .     SeeInvis .     p - +2 quarterstaff (chaos)
rCold  . . .     Gourm    .     s - +0 leather armour
rNeg   . . .     Faith    .     (shield currently unavailable)
rPois  .         Spirit   .     h - +0 helmet
rElec  .         Dismiss  .     q - +0 cloak
rCorr  .         Reflect  .     (no gloves)
SustAt .         Harm     .     (no boots)
MR     .....                    (no amulet)
Stlth  ++........               (no ring)
                                j - +4 ring of strength

@: not resistant to hostile enchantments, unstealthy
A: hooves 2, fire resistance 1, spiny 2
a: no special abilities


You were on level 4 of the Dungeon.
You were not hungry.

You visited 1 branch of the dungeon, and saw 4 of its levels.

You collected 178 gold pieces.

Inventory:

Hand Weapons
 k - a +0 spear
 p - a +2 quarterstaff of chaos (weapon)
Missiles
 f - 144 stones (quivered)
Armour
 a - a +0 robe
 h - a +0 helmet (worn)
 q - a +0 cloak (worn)
 s - a +0 leather armour (worn)
Jewellery
 j - a +4 ring of strength (left hand)
Scrolls
 e - a scroll of identify
 l - 2 scrolls of remove curse
 r - a scroll of random uselessness {unknown}
Potions
 d - 2 potions of curing {unknown}
 n - a potion of haste {unknown}
 o - a potion of flight {unknown}
 u - a potion of degeneration {unknown}
Books
 b - a book of Necromancy

   Spells                             Type                      Level
   a - Pain                           Necromancy                   1
   b - Animate Skeleton               Necromancy                   1
   c - Vampiric Draining              Necromancy                   3
   d - Regeneration                   Charms/Necromancy            3
   e - Animate Dead                   Necromancy                   4
   f - Control Undead                 Necromancy                   4
 t - an Akashic Record

   Spells                             Type                      Level
   a - Dispersal                      Translocation                6
   b - Malign Gateway                 Summoning/Translocation      7
   c - Disjunction                    Translocation                8
   d - Controlled Blink               Translocation                8
Comestibles
 c - 2 bread rations
 g - 3 fruits
 i - 2 meat rations
 m - a beef jerky
 v - a slice of pizza


   Skills:
 + Level 1.4 Fighting
 + Level 0.6 Staves
 * Level 3.9 Armour
 + Level 3.1 Dodging
 + Level 2.5 Stealth
 + Level 5.1 Spellcasting
 + Level 7.3 Necromancy


You had 9 spell levels left.
You knew the following spells:

 Your Spells              Type           Power        Failure   Level  Hunger
a - Pain                  Necr           ####         1%          1    None
b - Vampiric Draining     Necr           ####......   1%          3    ##.....
c - Animate Dead          Necr           N/A          10%         4    ####...


Dungeon Overview and Level Annotations

Branches:
Dungeon (4/15)
 Temple: D:4-7

Altars:
Gozag
Kikubaaqudgha
Okawaru

Annotations:
D:4 Menkaure


Innate Abilities, Weirdness & Mutations

You have hoof-like feet.
Your flesh is heat resistant.
You are mostly covered in sharp spines.


Message History

Menkaure calls on the powers of darkness!
Your body is wracked with pain!
Menkaure gestures wildly while chanting.
Menkaure seems to speed up.
Press: ? - help, v - describe, . - travel
Here: Menkaure (lightly damaged, fast)
The floor.
Menkaure is struck by your spines. Menkaure misses you.
There is a stone staircase leading up here.
You hit Menkaure.
Menkaure convulses.
Your kick misses Menkaure.
Menkaure is severely damaged.
Menkaure hits you!
* * * LOW HITPOINT WARNING * * *
Menkaure casts a spell at you. Pain shoots through your body!
* * * LOW HITPOINT WARNING * * *
You completely miss Menkaure. You kick Menkaure, but do no damage.
Menkaure is severely damaged.
Menkaure is struck by your spines. Menkaure hits you!
You die...

... #................
#+###'##................
..........#######'#####'
..........# #.........
..........# #.........
..........# #.........
.........># ########..
#......M..# ##...###'#
#......@..# #.........
#.........# #.........
#.........# #.........
+.........# #.........
#.........# #.........
#.........# ##..####..
#........## ###..####..
#....#.#.+ #..........
#..........


You could see Menkaure.

Vanquished Creatures
  Grinder (D:3)
  Sigmund (D:2)
  The ghost of Torax the Cudgeler, an amateur NaFi of Trog (D:3)
  A sky beast (D:3)
  A giant frog (D:3)
  2 hounds
  3 orc priests (D:4)
  Crazy Yiuf (D:2)
  2 iguanas (D:3)
  Jessica (D:2)
  An orc wizard (D:4)
  A worker ant (D:4)
  10 adders
  2 worms
  2 dart slugs
  2 giant geckos
  An orc (D:3)
  6 giant cockroaches
  4 goblins
  9 hobgoblins
  10 jackals (D:2)
  9 kobolds
  A quokka (D:2)
  3 ball pythons
  5 bats
  3 giant newts
  A quokka skeleton (D:4)
  8 rats
92 creatures vanquished.

Notes
Turn   | Place    | Note
--------------------------------------------------------------
     0 | D:1      | RudyRod the Demonspawn Necromancer began the quest for the Orb.
     0 | D:1      | Reached XP level 1. HP: 13/13 MP: 3/3
   346 | D:1      | Gained mutation: You are partially covered in sharp spines. [demonic ancestry]
   346 | D:1      | Reached XP level 2. HP: 12/19 MP: 0/5
  1285 | D:2      | Gained mutation: You are mostly covered in sharp spines. [demonic ancestry]
  1285 | D:2      | Reached XP level 3. HP: 19/24 MP: 1/6
  1441 | D:2      | Found an ancient bone altar of Kikubaaqudgha.
  1485 | D:2      | Reached skill level 5 in Necromancy
  1586 | D:2      | Noticed Jessica
  1596 | D:2      | Killed Jessica
  1596 | D:2      | Reached XP level 4. HP: 14/30 MP: 5/8
  1831 | D:2      | Found an opulent altar of Gozag.
  1907 | D:2      | Noticed Crazy Yiuf
  1913 | D:2      | Killed Crazy Yiuf
  1913 | D:2      | Reached skill level 1 in Armour
  2194 | D:2      | Noticed Sigmund
  2204 | D:2      | Killed Sigmund
  2204 | D:2      | Reached skill level 6 in Necromancy
  2204 | D:2      | Gained mutation: You have large cloven feet. [demonic ancestry]
  2204 | D:2      | Reached XP level 5. HP: 12/35 MP: 2/10
  2204 | D:2      | Gained mutation: You have hoof-like feet. [demonic ancestry]
  2204 | D:2      | Reached XP level 6. HP: 15/41 MP: 2/11
  2747 | D:3      | Learned a level 3 spell: Vampiric Draining
  2779 | D:3      | Noticed Grinder
  2799 | D:3      | Noticed Torax's ghost (amateur NaFi)
  3511 | D:3      | Noticed a sky beast
  3519 | D:3      | Killed a sky beast
  3519 | D:3      | Gained mutation: Your flesh is heat resistant. [demonic ancestry]
  3519 | D:3      | Reached XP level 7. HP: 21/47 MP: 5/13
  3741 | D:3      | Killed Torax's ghost
  4573 | D:3      | Killed Grinder
  4573 | D:3      | Reached skill level 1 in Fighting
  4573 | D:3      | Reached skill level 7 in Necromancy
  4714 | D:3      | Learned a level 4 spell: Animate Dead
  4830 | D:4      | Reached skill level 5 in Spellcasting
  4830 | D:4      | Reached XP level 8. HP: 54/54 MP: 15/15
  5078 | D:4      | Found an iron altar of Okawaru.
  5246 | D:4      | Noticed Menkaure
  5600 | D:4      | Slain by Menkaure

Skill      XL: |  1  2  3  4  5  6  7  8 |
---------------+-------------------------+-----
Necromancy     | 5 6 7 |  7.3
Dodging        | 2 3 |  3.1
Spellcasting   | 3 4 5 |  5.1
Armour         | 2 3 |  3.9
Stealth        | 2 |  2.5
Fighting       | 1 |  1.4
Staves         | |  0.6

Action                   |  1- 3 |  4- 6 |  7- 9 || total
-------------------------+-------+-------+-------++-------
Melee: Club              |    11 |       |       ||    11
       Spear             |     9 |     9 |       ||    18
       Quarterstaff      |       |    13 |    49 ||    62
       Kick              |       |     2 |    12 ||    14
 Cast: Pain              |    44 |    59 |     9 ||   112
       Vampiric Draining |       |       |     1 ||     1
       Animate Dead      |       |       |     3 ||     3
  Use: Scroll            |       |     4 |       ||     4
 Stab: Sleeping          |       |       |     2 ||     2
       Confused          |       |       |     1 ||     1
       Paralysed         |       |       |     1 ||     1
  Eat: Chunk             |     2 |     6 |     6 ||    14
       Bread ration      |       |       |     1 ||     1
Armor: Robe              |     5 |     2 |       ||     7
       Leather armour    |       |     7 |     5 ||    12
Dodge: Dodged            |    18 |    14 |    26 ||    58
